 Dungeon Crawl Stone Soup version 0.22-a0-362-g535178c (webtiles) character file.

40 torrenera the Digger (level 3, -1/19 HPs)
             Began as a Gargoyle Earth Elementalist on Apr 19, 2018.
             Slain by a worm (7 damage)
             ... on level 2 of the Dungeon.
             The game lasted 00:04:48 (780 turns).

torrenera the Digger (Gargoyle Earth Elementalist)   Turns: 780, Time: 00:04:49

Health: -1/19      AC:  5    Str: 11    XL:     3   Next: 50%
Magic:  3/6        EV: 12    Int: 16    God:
Gold:   12         SH:  0    Dex: 10    Spells: 0/6 levels left

rFire    . . .     SeeInvis .   e - +0 dagger
rCold    . . .     Gourm    .   (no shield)
rNeg     + . .     Faith    .   c - +0 robe
rPois    ∞         Spirit   .   (no helmet)
rElec    +         Reflect  .   (no cloak)
rCorr    .         Harm     .   (no gloves)
MR       .....                  (no boots)
Stlth    ++........             (no amulet)
HPRegen  0.06/turn              (no ring)
MPRegen  0.10/turn              (no ring)

@: no status effects
A: negative energy resistance 1, electricity resistance, unbreathing,
petrification resistance, rot immunity, AC +3
a: no special abilities


You were on level 2 of the Dungeon.
You were not hungry.

You visited 1 branch of the dungeon, and saw 2 of its levels.

You collected 12 gold pieces.

Inventory:

Hand Weapons
 e - a +0 dagger (weapon)
Missiles
 b - 63 stones (quivered)
Armour
 c - a +0 robe (worn)
 f - a scarf of spirit shield
Scrolls
 g - a scroll of magic mapping {unknown}
 h - 3 scrolls of identify {unknown}
 i - 2 scrolls of remove curse {unknown}
 l - a scroll of enchant weapon {unknown}
Potions
 j - 2 potions of magic {unknown}
 k - a potion of resistance {unknown}
 m - a potion of might {unknown}
Comestibles
 a - a chunk of flesh
 d - 3 rations


   Skills:
 - Level 1.9 Dodging
 - Level 2.2 Stealth
 - Level 2.1 Spellcasting
 - Level 0.7 Transmutations
 + Level 5.0 Earth Magic


You couldn't memorise any spells.
You knew the following spells:

 Your Spells              Type           Power        Failure   Level  Hunger
a - Sandblast             Erth           ###...       2%          1    #......
b - Passwall              Tmut/Erth      ##........   10%         2    ###....
c - Stone Arrow           Conj/Erth      #.....       22%         3    ###....


Dungeon Overview and Level Annotations

Branches:
Dungeon (2/15)

Altars:


Innate Abilities, Weirdness & Mutations

You are resistant to torment.
Your stone body is resilient. (AC +3)
You are immune to poison.
You resist negative energy. (rN+)
You are resistant to electric shocks. (rElec)
You can survive without breathing.
You are immune to petrification.
You are immune to rotting.


Message History

You hit the worm but do no damage.
The worm is heavily wounded.
You barely miss the worm.
The worm is heavily wounded.
The worm bites you.
You hit the worm.
The worm is heavily wounded.
You hit the worm.
The worm is heavily wounded.
The worm closely misses you.
Casting: Stone Arrow (safe; 22% risk of failure)
Confirm with . or Enter, or press ? or * to list all spells.
Aiming: Sandblast (safe; 2% risk of failure)
Press: ? - help, Shift-Dir - straight line, f/p - worm
Aim: a worm (heavily wounded)
The blast of sand hits the worm.
The worm is severely wounded.
b - 63 stones The worm bites you!
You die...

####
.....########
............#
............#
...........#
#....%....#
#.........####
#.....@w.......
#..........####
...[.#.###..##
....... #.##
.....#. #.#
.....## #.#
.... ># ... ###


You could see a worm.

Vanquished Creatures
  An ooze (D:1)
  A worm (D:2)
  A leopard gecko (D:1)
  4 hobgoblins (D:1)
  7 jackals (D:1)
  2 kobolds (D:1)
  2 bats (D:1)
  2 frilled lizards (D:1)
  5 goblins (D:1)
  6 rats
31 creatures vanquished.

Notes
Turn   | Place    | Note
-------+----------+-------------------------------------------
     0 | D:1      | torrenera the Gargoyle Earth Elementalist began the quest for the Orb.
     0 | D:1      | Reached XP level 1. HP: 10/10 MP: 3/3
    92 | D:1      | Reached skill level 4 in Earth Magic
    92 | D:1      | Reached XP level 2. HP: 13/15 MP: 0/5
   287 | D:1      | Learned a level 2 spell: Passwall
   395 | D:1      | Reached XP level 3. HP: 15/19 MP: 6/6
   400 | D:1      | Learned a level 3 spell: Stone Arrow
   727 | D:2      | Reached skill level 5 in Earth Magic
   728 | D:2      | Noticed a sky beast
   780 | D:2      | Slain by a worm

Vault maps used:
D:1:      scummos_arrival_forest
D:2:      kennysheep_six_static_rooms, nicolae_overflow_crystal_walls,
          minmay_hexomino_f4

Skill      XL: |  1  2  3 |
---------------+----------+-----
Earth Magic    | 4 5 |  5.0
Dodging        | |  1.9
Stealth        | |  2.2
Spellcasting   | |  2.1
Transmutations | |  0.7

Action                   || total
-------------------------++-------
Melee: Unarmed           ||     8
       Dagger            ||    87
 Cast: Sandblast         ||    23
       Stone Arrow       ||     1
Armor: Robe              ||    33
Dodge: Dodged            ||    80

Table legend:
 A = Spawn XP
 B = Non-spawn XP
 C = Spawn XP percentage of total XP
 D = Spawn monster count
 E = Non-spawn monster count
 F = Spawn count percentage of total count
 G = Total turns spent on level
                    A         B        C        D         E        F      G
               +---------+---------+-------+---------+---------+-------+---------
         Total |       0 |      58 |   0.0 |       0 |      31 |   0.0 |   780
               +---------+---------+-------+---------+---------+-------+---------
           D:1 |       0 |      52 |   0.0 |       0 |      29 |   0.0 |   709
           D:2 |       0 |       6 |   0.0 |       0 |       2 |   0.0 |    71
               +---------+---------+-------+---------+---------+-------+---------
